 Dungeon Crawl Stone Soup version 0.30-a0-867-g305f33218d (webtiles) character file.

Game seed: 4492451173444287822

177 cforsyth the Magician (level 5, -1/28 HPs)
             Began as a Deep Elf Earth Elementalist on Mar 10, 2023.
             Slain by an orc priest
             ... wielding a +0 club
              (5 damage)
             ... on level 5 of the Dungeon.
             The game lasted 00:03:12 (2603 turns).

cforsyth the Magician (Deep Elf Earth Elementalist) Turns: 2603, Time: 00:03:13

Health: -1/28      AC:  2    Str:  5    XL:     5   Next: 31%
Magic:  6/13       EV: 13    Int: 22    God:
Gold:   198        SH:  0    Dex: 15    Spells: 11/12 levels left

rFire   . . .      SeeInvis .    (no weapon)
rCold   . . .      Faith    .    (no shield)
rNeg    . . .      Spirit   .    a - +0 robe
rPois   .          Reflect  .    (no helmet)
rElec   .          Rampage  .    (no cloak)
rCorr   .                        (no gloves)
Will    .....                    (no boots)
Stlth   +++                      (no amulet)
HPRegen 0.24/turn                (no ring)
MPRegen 0.13/turn                (no ring)

@: no status effects
A: no striking features
a: no special abilities


You were on level 5 of the Dungeon.
You visited 1 branch of the dungeon, and saw 5 of its levels.

You collected 198 gold pieces.

Inventory:

Armour
 a - a +0 robe (worn)
Jewellery
 e - a ring of wizardry
Scrolls
 c - 2 scrolls of teleportation {unknown}
 d - 3 scrolls of blinking {unknown}
 g - a scroll of poison {unknown}
 i - 2 scrolls of vulnerability {unknown}
 n - a scroll of amnesia {unknown}
 p - a scroll of fear {unknown}
 q - a scroll of enchant weapon {unknown}
Potions
 b - 2 potions of magic
 f - a potion of berserk rage {unknown}
 h - a potion of brilliance {unknown}
 j - a potion of heal wounds {unknown}
 k - 2 potions of flight {unknown}
 l - a potion of curing {unknown}
 m - a potion of might {unknown}
 o - a potion of ambrosia {unknown}
 r - a potion of mutation {unknown}


   Skills:
 + Level 3.6 Dodging
 + Level 3.8 Stealth
 + Level 4.2 Spellcasting
 + Level 2.7 Transmutations
 + Level 4.1 Earth Magic


You had 11 spell levels left.
You knew the following spells:

 Your Spells              Type           Power      Damage    Failure   Level
a - Sandblast             Erth           46%        2d11      1%          1

Your spell library contained the following spells:

 Spells                   Type           Power      Damage    Failure   Level
 Passwall                 Tmut/Erth      15%        N/A       4%          2
 Stone Arrow              Conj/Erth      26%        3d8       14%         3
 Ignite Poison            Fire/Tmut/Pois 8%         N/A       22%         3
 Petrify                  Tmut/Erth      19%        N/A       26%         4
 Gell's Gravitas          Tloc           4%         N/A       32%         3
 Kindle Blastsparks       Fire/Tloc/Air  8%         2d10      32%         3
 Portal Projectile        Hex/Tloc       8%         N/A       32%         3
 Vhi's Electric Charge    Tloc/Air       8%         N/A       32%         3
 Cause Fear               Hex            2%         N/A       73%         4
 Iskenderun's Mystic Bla  Conj/Tloc      4%         2d3       73%         4
 Freezing Cloud           Conj/Ice/Air   2%         6-21      97%         5
 Summon Forest            Summ/Tloc      2%         N/A       97%         5
 Dragon Form              Tmut           8%         N/A       100%        7
 Dragon's Call            Summ           2%         N/A       100%        9


Dungeon Overview and Level Annotations

Branches:
Dungeon (5/15)
 Temple: D:4-7

Altars:


Message History

Aiming: Sandblast (safe; 1% risk of failure)
Press: ? - help, Shift-Dir - straight line, f - orc priest
Aim: an orc priest, wielding a +0 club and wearing a +0 leather armour (lightly wounded, 83% to hit)
The blast of sand misses the orc priest.
The orc priest hits you with a +0 club. The orc priest barely misses you.
Casting: Sandblast (safe; 1% risk of failure)
Confirm with . or Enter, or press ? or * to list all spells.
Aiming: Sandblast (safe; 1% risk of failure)
Press: ? - help, Shift-Dir - straight line, f/p - orc priest
Aim: an orc priest, wielding a +0 club and wearing a +0 leather armour (lightly wounded, 83% to hit)
The blast of sand misses the orc priest.
The orc priest hits you with a +0 club.
* * * LOW HITPOINT WARNING * * *
Casting: Sandblast (safe; 1% risk of failure)
Confirm with . or Enter, or press ? or * to list all spells.
Aiming: Sandblast (safe; 1% risk of failure)
Press: ? - help, Shift-Dir - straight line, f/p - orc priest
Aim: an orc priest, wielding a +0 club and wearing a +0 leather armour (lightly wounded, 83% to hit)
The blast of sand hits the orc priest!
The orc priest is severely wounded.
The orc priest hits you with a +0 club.
* * * LOW HITPOINT WARNING * * *
The orc priest closely misses you.
Casting: Sandblast (safe; 1% risk of failure)
Confirm with . or Enter, or press ? or * to list all spells.
Aiming: Sandblast (safe; 1% risk of failure)
Press: ? - help, Shift-Dir - straight line, f/p - orc priest
Aim: an orc priest, wielding a +0 club and wearing a +0 leather armour (severely wounded, 83% to hit)
The blast of sand hits the orc priest.
The orc priest is almost dead.
The orc priest hits you with a +0 club.
* * * LOW HITPOINT WARNING * * *
Casting: Sandblast (safe; 1% risk of failure)
Confirm with . or Enter, or press ? or * to list all spells.
Aiming: Sandblast (safe; 1% risk of failure)
Press: ? - help, Shift-Dir - straight line, f/p - orc priest
Aim: an orc priest, wielding a +0 club and wearing a +0 leather armour (almost dead, 83% to hit)
The blast of sand misses the orc priest.
The orc priest hits you with a +0 club.
You die...

#.#..
....#
#...#
#...###
##.....
#....#
#....####
#.@.....+
#.o..####
.....##
###S###
#. #. #.
#.


You could see an orc priest and an adder (asleep).

Vanquished Creatures
  2 hounds (D:4)
  An iguana (D:3)
  An adder (D:2)
  4 worms
  2 dart slugs
  An orc (D:4)
  4 ball pythons
  4 bats
  8 endoplasms
  2 giant cockroaches
  6 goblins
  7 hobgoblins
  4 jackals (D:2)
  3 quokkas
  3 frilled lizards
  6 kobolds
  5 rats
63 creatures vanquished.

Notes
Turn   | Place    | Note
-------+----------+-------------------------------------------
     0 | D:1      | cforsyth the Deep Elf Earth Elementalist began the quest
                  | for the Orb.
     0 | D:1      | Reached XP level 1. HP: 10/10 MP: 6/6
   318 | D:1      | Reached XP level 2. HP: 15/15 MP: 6/8
   343 | D:1      | Found a faded altar of an unknown god.
   897 | D:2      | Reached XP level 3. HP: 19/19 MP: 6/9
  1369 | D:2      | Reached XP level 4. HP: 24/24 MP: 9/11
  1389 | D:2      | Got the Compendium of the Voyage
  2500 | D:4      | Identified the +1 leather armour of the Poles {+Blink rC-
                  | Int+2}
  2505 | D:4      | Reached XP level 5. HP: 28/28 MP: 9/13
  2594 | D:4      | Noticed a phantom
  2598 | D:5      | Entered Level 5 of the Dungeon
  2603 | D:5      | Slain by an orc priest

Illustrated notes

Levels and vault maps discovered:
D:1:      dreamdust_arrival_beginning_and_end, layout_basic,
          chequers_ecumenical_altar_lobes
D:2:      layout_basic, minmay_pentomino_s2
D:3:      layout_basic
D:4:      cheibrodos_quashed, layout_cave_pools
D:5:      layout_loops_corners, gammafunk_ghost_cemetery

Skill      XL: |  1  2  3  4 |
---------------+-------------+-----
Stealth        | 3 |  3.8
Dodging        | 3 |  3.6
Transmutations | 2 |  2.7
Spellcasting   | 4 |  4.2
Earth Magic    | 4 |  4.1

Action                     |  1- 3 |  4- 6 || total
---------------------------+-------+-------++-------
   Cast: Sandblast         |    55 |    40 ||    95
 Armour: Robe              |     1 |     2 ||     3
  Dodge: Dodged            |     8 |    11 ||    19

Table legend: (Time is in decaauts)
 A = Elapsed time spent in this place.
 B = Non-inter-level travel time spent in this place.
 C = Inter-level travel time spent in this place.
 D = Time resting spent in this place.
 E = Time spent auto-exploring this place.
 F = Levels seen in this place.
 G = Mean time per level.
                   A        B        C        D        E       F      G
               +--------+--------+--------+--------+--------+-----+--------+
         Total |   2649 |   2593 |     56 |      0 |   2277 |   5 |  529.8 |
       Dungeon |   2649 |   2593 |     56 |      0 |   2277 |   5 |  529.8 |
               +--------+--------+--------+--------+--------+-----+--------+

Top non-repeatable levels by time:
     D:3: 907 daAuts
     D:1: 832 daAuts
     D:2: 725 daAuts
     D:4: 176 daAuts
     D:5: 6 daAuts
